 Dungeon Crawl Stone Soup version 0.30.1-11-g7821555f0a (webtiles) character file.

Game seed: 8990934353983819789

46630 Julppu the Peltast (level 14, -6/127 HPs)
             Began as a Minotaur Fighter on Jan 5, 2024.
             Was a High Priest of Trog.
             Succumbed to Sonja's poison
             ... on level 5 of the Lair of Beasts.
             The game lasted 01:17:27 (13164 turns).

Julppu the Peltast (Minotaur Fighter)              Turns: 13164, Time: 01:17:27

Health: -6/127     AC: 25    Str: 29    XL:     14   Next: 5%
Magic:  13/13      EV: 10    Int:  5    God:    Trog [*****.]
Gold:   772        SH: 22    Dex: 24    Spells: 13/13 levels left

rFire   . . .        I - +0 morningstar
rCold   . . .        o - +0 tower shield
rNeg    + + .        K - +0 plate armour
rPois   .            (helmet restricted)
rElec   .            (no cloak)
rCorr   .            G - +2 pair of gloves
SInv    +            B - +5 pair of boots "Goshut" {rN+ Dex+2}
Will    +....        Q - amulet of Fyguuruc {Faith rN+ Str+3 SInv} Stlth
                     E - +6 ring of dexterity
HPRegen 0.41/turn    b - +6 ring of dexterity
MPRegen 0.13/turn

%: faith
@: lethally poisoned (-6 -> -37), slowed, very slow
A: horns 2, retaliatory headbutt
a: Renounce Religion, Berserk, Trog's Hand, Brothers in Arms


You were on level 5 of the Lair of Beasts.
You worshipped Trog.
Trog was extremely pleased with you.
You visited 3 branches of the dungeon, and saw 15 of its levels.

You collected 772 gold pieces.

Inventory:

Hand Weapons
 I - a +0 morningstar (weapon)
 L - a +5 battleaxe
 U - a +2 demon whip of flaming
Armour
 o - a +0 tower shield (worn)
 B - the +5 pair of boots "Goshut" (worn) {rN+ Dex+2}
   (You found it on level 3 of the Dungeon)

   Dex:       It affects your dexterity (+2).
   rN:        It protects you from negative energy.
 G - a +2 pair of gloves (worn)
 K - a +0 plate armour (worn)
Jewellery
 b - a +6 ring of dexterity (right hand)
 j - an amulet of the acrobat
 E - a +6 ring of dexterity (left hand)
 Q - the amulet of Fyguuruc (around neck) {Faith rN+ Str+3 SInv}
   (You found it on level 2 of the Lair of Beasts)

   [amulet of faith]

   It allows you to gain divine favour quickly.
   Str:       It affects your strength (+3).
   rN:        It protects you from negative energy.
   SInv:      It lets you see invisible.
Wands
 q - a wand of charming (4)
 y - a wand of acid (8)
 H - a wand of digging (5)
 S - a wand of flame (6)
 T - a wand of roots (5)
Scrolls
 e - a scroll of identify
 f - 2 scrolls of summoning
 g - 3 scrolls of silence
 h - 3 scrolls of blinking
 i - 2 scrolls of fear
 l - 5 scrolls of enchant armour
 m - a scroll of enchant weapon {unknown}
 n - 2 scrolls of vulnerability {unknown}
 r - 2 scrolls of amnesia {unknown}
 v - 4 scrolls of fog
 x - a scroll of brand weapon {unknown}
 A - 3 scrolls of teleportation
 F - a scroll of acquirement {unknown}
 J - a scroll of immolation {unknown}
 O - a scroll of magic mapping {unknown}
 R - 2 scrolls of noise {unknown}
Potions
 d - a potion of might
 p - 2 potions of ambrosia
 t - 6 potions of curing
 z - a potion of invisibility
 C - 2 potions of resistance
 D - a potion of cancellation
 N - a potion of haste {unknown}
 P - a potion of degeneration {unknown}


   Skills:
 + Level 12.4 Fighting
 + Level 10.7(14.0) Axes
 - Level 14.6(16.0) Maces & Flails
 + Level 11.6 Armour
 + Level 4.1 Dodging
 + Level 0.8 Stealth
 + Level 16.6 Shields


You had 13 spell levels left.
You didn't know any spells.
Your spell library contained the following spells:

 Spells                   Type           Power      Damage    Failure   Level
 Magic Dart               Conj           0%         1d3       100%        1
 Necrotise                Necr           0%         1d4       100%        1
 Blink                    Tloc           0%         N/A       100%        2
 Lesser Beckoning         Tloc           0%         N/A       100%        2
 Momentum Strike          Conj/Tloc      0%         3d8       100%        2
 Searing Ray              Conj           0%         2d4       100%        2
 Stone Arrow              Conj/Erth      0%         3d7       100%        3
 Vampiric Draining        Necr           0%         2d6       100%        3
 Animate Armour           Summ/Erth      0%         N/A       100%        4
 Fulminant Prism          Conj/Hex       0%         3d5       100%        4
 Agony                    Necr           0%         N/A       100%        5
 Lehudib's Crystal Spear  Conj/Erth      0%         10d2      100%        8


Dungeon Overview and Level Annotations

Branches:
Dungeon (9/15)             Temple (1/1) D:7            Lair (5/5) D:8
  Swamp (0/4) Lair:2       Spider (0/4) Lair:2        Slime (0/5) Lair:5
    Orc: D:9-12

Altars:
Ashenzari
Cheibriados
Dithmenos
Elyvilon
Fedhas
Gozag
Kikubaaqudgha
Makhleb
Nemelex Xobeh
Okawaru
Qazlal
Ru
Sif Muna
Trog
Vehumet
Yredelemnul
Zin
The Shining One
Jiyva

Shops:
D:5 *   D:6 ?

Portals:
Abyss: D:9

Annotations:
D:9 2 transporters
Lair:5 Sonja


Innate Abilities, Weirdness & Mutations

You have a pair of horns on your head.
You reflexively headbutt those who attack you in melee.


Message History

You block Sonja's attack. x2; Sonja hits you but does no damage.
You are more poisoned.
Sonja gestures wildly while chanting.
Sonja blinks!
The rime drake barely misses you. You furiously retaliate!
You headbutt the rime drake!
You feel much better.
You feel extremely sick.
Sonja gestures wildly while chanting.
Sonja blinks!
The rime drake closely misses you. You furiously retaliate!
You headbutt the rime drake! You block Sonja's attack. x2
Sonja hits you but does no damage.
You are more poisoned.
The rime drake breathes ice at you.
The icy flash freeze hits you but does no damage.
You are encased in ice.
* * * LOW HITPOINT WARNING * * *
You feel extremely sick. You block Sonja's attack.
Sonja hits you with a +1 short sword of venom.
* * * LOW HITPOINT WARNING * * *
Sonja hits you but does no damage.
You are lethally poisoned!
Sonja casts a spell.
Sonja blinks!
The rime drake closely misses you. You furiously retaliate!
You headbutt the rime drake.
You kill the rime drake!
Trog accepts your kill. Sonja hits you but does no damage.
You are more poisoned.
You block Sonja's attack. x2
The ice encasing you melts away.
* * * LOW HITPOINT WARNING * * *
You feel extremely sick. You block Sonja's attack. Sonja closely misses you.
Sonja hits you with a +1 short sword of venom.
* * * LOW HITPOINT WARNING * * *
You are more poisoned.
You block Sonja's attack. x2; Sonja barely misses you.
Sonja attacks as you move away! You block Sonja's attack. x3
You die...

.P........#............
#.....<......((.............#.
##............P(..P..........# #
.##............(.P..#.......# #
..#..........(....###.......# ###
..#..#............# ##......# #..
..#.............### #......# #..
..#..............## #......#####.
..#..........†K.@.###...........~
.##.............................~
.#.............................~≈
##.............................~≈
#..................†.......(..~≈≈
.................##...)........≈≈
....................#.P†..P....~≈
..................P.PP.....##...~
..........................P###..~


You could see Sonja.

Vanquished Creatures
  Nessos (Lair:4)
  3 hydras
  A two-headed ogre (D:9)
  A boulder beetle (Lair:3)
  Erica (Lair:2)
  6 death yaks
  Nergalle (Lair:3)
  A pharaoh ant (Lair:2)
  A wizard (Lair:5)
  Pikel (D:8)
  21 elephants
  A manticore (D:9)
  3 black mambas
  A torpor snail (Lair:3)
  Maggie (D:6)
  11 cane toads
  7 rime drakes
  9 komodo dragons
  A hornet (D:9)
  2 polar bears (Lair:2)
  A tarantella (Lair:2)
  16 blink frogs
  5 dream sheep (Lair:5)
  A jumping spider (Lair:2)
  4 wyverns
  48 yaks
  A shadow (D:9)
  3 basilisks
  2 steam dragons
  A redback (Lair:2)
  An acid dragon (D:5)
  16 water moccasins
  3 orc warriors
  2 sky beasts
  The ghost of Vollo the Chopper, an amateur HOBe of Trog (D:4)
  An ice beast (D:6)
  6 black bears
  16 wolves
  A lemure (D:8)
  2 phantoms (D:6)
  18 bullfrogs
  3 kobold brigands
  4 scorpions
  12 wights
  A crimson imp (D:4)
  2 electric eels (Lair:2)
  A howler monkey (D:4)
  3 jellies
  5 hounds
  2 gnoll boudas
  4 orc priests
  4 quasits
  3 iguanas (D:6)
  A sleepcap (D:6)
  5 orc wizards
  8 gnolls
  8 adders
  2 shadow imps
  5 white imps
  3 ufetubi
  3 worms
  2 dart slugs
  13 orcs
  7 ball pythons
  3 bats
  7 endoplasms
  5 giant cockroaches
  6 hobgoblins
  6 quokkas
  5 frilled lizards
  9 goblins
  12 kobolds
  3 rats
  A butterfly (Lair:2)
381 creatures vanquished.

Vanquished Creatures (others)
  A sky beast (D:8)
1 creature vanquished.

Grand Total: 382 creatures vanquished

Notes
Turn   | Place    | Note
-------+----------+-------------------------------------------
     0 | D:1      | Julppu the Minotaur Fighter began the quest for the Orb.
     0 | D:1      | Reached XP level 1. HP: 19/19 MP: 0/0
   184 | D:1      | Reached XP level 2. HP: 27/27 MP: 1/1
   582 | D:2      | Reached XP level 3. HP: 30/33 MP: 2/2
   590 | D:2      | Reached skill level 4 in Shields
   688 | D:2      | Reached XP level 4. HP: 38/41 MP: 3/3
  1697 | D:3      | Identified the +5 pair of boots "Goshut" {rN+ Dex+2}
  1821 | D:4      | Reached XP level 5. HP: 47/47 MP: 4/4
  1827 | D:4      | Found a transporter.
  1829 | D:4      | Noticed Vollo's ghost (amateur HOBe)
  2025 | D:4      | Reached skill level 5 in Armour
  2208 | D:4      | Reached skill level 1 in Dodging
  2322 | D:4      | Reached XP level 6. HP: 55/55 MP: 5/5
  2401 | D:4      | Reached skill level 5 in Fighting
  2571 | D:4      | Found a transporter.
  2655 | D:4      | Reached skill level 5 in Axes
  2658 | D:4      | Identified the +9 sling of the Fray {drain, rC++}
  2777 | D:4      | Killed Vollo's ghost
  2866 | D:5      | Entered Level 5 of the Dungeon
  2944 | D:5      | Reached XP level 7. HP: 61/61 MP: 6/6
  3124 | D:5      | Found Ydism's Overcharged Wands.
  3370 | D:5      | Reached XP level 8. HP: 55/70 MP: 7/7
  3427 | D:5      | Reached skill level 5 in Shields
  3819 | D:6      | Reached skill level 6 in Shields
  3819 | D:6      | Reached XP level 9. HP: 73/78 MP: 8/8
  3875 | D:6      | Noticed Maggie
  3888 | D:6      | Killed Maggie
  3889 | D:6      | Reached skill level 10 in Axes
  3971 | D:6      | Reached skill level 7 in Shields
  4165 | D:6      | Found The Oracle's Delphic Readings.
  4387 | D:7      | Reached skill level 1 in Maces & Flails
  4405 | D:7      | Found a white marble altar of Elyvilon.
  4793 | D:7      | Found a staircase to the Ecumenical Temple.
  4796 | D:7      | Reached skill level 8 in Shields
  4896 | Temple   | Entered the Ecumenical Temple
  4927 | Temple   | Became a worshipper of Trog the Wrathful
  5148 | D:7      | Reached XP level 10. HP: 69/88 MP: 9/9
  5271 | D:8      | Reached skill level 9 in Shields
  5412 | D:8      | Reached * piety under Trog
  5565 | D:8      | Found a staircase to the Lair.
  5663 | D:8      | Noticed Pikel
  5682 | D:8      | Killed Pikel
  5683 | D:8      | Reached skill level 5 in Maces & Flails
  5683 | D:8      | Reached skill level 10 in Shields
  5794 | D:8      | Found a basalt altar of Yredelemnul.
  6459 | D:9      | Found a transporter.
  6463 | D:9      | Noticed a toenail golem
  6466 | D:9      | Noticed a hell hog
  6466 | D:9      | Noticed a toenail golem
  6482 | D:9      | Noticed a manticore
  6489 | D:9      | Killed a manticore
  6499 | D:9      | Found a transporter.
  6546 | D:9      | Noticed a two-headed ogre
  6552 | D:9      | Killed a two-headed ogre
  6565 | D:9      | Found a one-way gate to the infinite horrors of the Abyss.
  6574 | D:9      | Noticed a toenail golem
  6590 | D:9      | Reached skill level 11 in Shields
  6780 | D:9      | Reached XP level 11. HP: 90/95 MP: 10/10
  6846 | Lair:1   | Entered Level 1 of the Lair of Beasts
  6899 | Lair:1   | Reached ** piety under Trog
  7187 | D:8      | Reached skill level 12 in Shields
  7456 | D:8      | Reached skill level 10 in Maces & Flails
  7986 | Lair:1   | Identified the +4 scale mail of Inviolability {MP+9}
  8101 | Lair:1   | Reached XP level 12. HP: 99/106 MP: 11/11
  8104 | Lair:1   | Reached skill level 13 in Shields
  8553 | Lair:2   | Noticed Erica
  8583 | Lair:2   | Reached skill level 10 in Fighting
  8592 | Lair:2   | Killed Erica
  8592 | Lair:2   | Reached *** piety under Trog
  8918 | Lair:2   | Identified the amulet of Fyguuruc {Faith rN+ Str+3 SInv}
  8965 | Lair:2   | Reached skill level 10 in Armour
  8970 | Lair:2   | Reached skill level 14 in Shields
  9022 | Lair:2   | Noticed a death yak
  9023 | Lair:2   | Noticed a death yak
  9023 | Lair:2   | Noticed a death yak
  9024 | Lair:2   | Noticed a death yak
  9025 | Lair:2   | Noticed a death yak
  9025 | Lair:2   | Noticed a death yak
  9075 | Lair:1   | Killed a death yak
  9175 | D:8      | Killed a death yak
  9185 | D:8      | Killed a death yak
  9286 | Lair:1   | Killed a death yak
  9294 | Lair:1   | Killed a death yak
  9334 | Lair:2   | Killed a death yak
  9393 | Lair:2   | Found a hole to the Spider Nest.
  9640 | Lair:2   | Found a staircase to the Swamp.
  9721 | Lair:2   | Noticed a five-headed hydra
  9734 | Lair:2   | Killed a five-headed hydra
 10036 | Lair:3   | Noticed Nergalle
 10048 | Lair:3   | Killed Nergalle
 10054 | Lair:3   | Reached XP level 13. HP: 107/115 MP: 12/12
 10118 | Lair:3   | Reached **** piety under Trog
 10234 | Lair:3   | Reached skill level 15 in Shields
 10868 | Lair:4   | You fall into a shaft and drop 1 floor!
 10868 | Lair:5   | Entered Level 5 of the Lair of Beasts
 10990 | Lair:4   | Noticed Nessos
 11083 | Lair:4   | Killed Nessos
 11942 | Lair:5   | Reached ***** piety under Trog
 12211 | Lair:5   | Found a staircase to the Slime Pits.
 12215 | Lair:5   | Found a viscous altar of Jiyva.
 12322 | Lair:4   | Reached skill level 16 in Shields
 13038 | Lair:4   | Reached XP level 14. HP: 115/127 MP: 13/13
 13069 | Lair:5   | Received a gift from Trog
 13136 | Lair:5   | Noticed Sonja
 13157 | Lair:5   | HP: 3/127 [asphyx]
 13163 | Lair:5   | HP: 4/127 [Sonja/+1 short sword of venom (4)]
 13164 | Lair:5   | Succumbed to Sonja's poison

Illustrated notes

Levels and vault maps discovered:
D:1:      sevenhm_arrival_forest_fort_small_5, layout_rooms
D:2:      layout_basic, serial_bayou_pond_c, roderic_serpentine_path
D:3:      layout_rooms
D:4:      layout_gridville, gammafunk_ghost_stat_death, minmay_fire_ice_demons
D:5:      minmay_chambers_of_threes, layout_cave_pools, grunt_decor_cap,
          nicolae_shop_overcharged_wands
D:6:      layout_loops_ring, nicolae_nh_oracle_at_delphi, uniq_maggie
D:7:      layout_cave_pools, elyvilon_altar_1, minmay_temple_entry_waves
D:8:      layout_gridville, yredelemnul_altar_generic,
          grunt_lair_entry_orc_guard_hut, serial_demonic, serial_demonic_e,
          serial_demonic_c, serial_demonic_b, serial_demonic_b,
          serial_demonic_g, serial_demonic_a, uniq_pikel
D:9:      layout_roguey, gammafunk_ghost_abyssal_escape
Temple:   compressed_dpeg_triangle_lava_temple
Lair:1:   layout_small_grid, special_room
Lair:2:   layout_small_grid, swamp_mist_pool,
          nicolae_spider_entry_lesser_pyramids, beast_lair_carwin_2,
          grunt_megastairs_1, lemuel_fruit_fields, serial_bayou_shore_b,
          uniq_erica
Lair:3:   layout_hall_layers, grunt_megastairs_5, uniq_nergalle
Lair:4:   layout_regular_city, grunt_megastairs_3, uniq_nessos
Lair:5:   evil_forest, layout_hall_layers, nicolae_slime_entry_slimehenge,
          lightli_volcano_entry_magma_tube, infiniplex_staircase_pool_2,
          lemuel_fruit_tree, serial_bayou_shore_a, uniq_sonja

Skill      XL: |  1  2  3  4  5  6  7  8  9 10 11 12 13 |
---------------+----------------------------------------+-----
Fighting       | 4 5 6 7 8 9 10 12 | 12.4
Armour         | 4 5 6 7 8 9 10 11 | 11.6
Shields        | 4 6 8 11 12 14 16 | 16.6
Axes           | 3 4 5 7 9 10 | 10.7
Dodging        | 1 2 3 4 |  4.1
Maces & Flails | 4 7 10 12 14 | 14.6
Stealth        | |  0.8

Action                     |  1- 3 |  4- 6 |  7- 9 | 10-12 | 13-15 || total
---------------------------+-------+-------+-------+-------+-------++-------
  Melee: War axe           |    74 |   126 |   141 |       |       ||   341
         Headbutt          |     8 |    20 |    55 |   168 |   111 ||   362
         Morningstar       |       |       |   109 |   562 |   429 ||  1100
 Invoke: Berserk           |       |       |       |     1 |       ||     1
    Use: Scroll            |       |     7 |     3 |       |     9 ||    19
         Potion            |       |       |       |     1 |     4 ||     5
 Armour: Scale mail        |    33 |    55 |       |       |       ||    88
         Chain mail        |       |    50 |    79 |       |       ||   129
         Plate armour      |       |       |    49 |   343 |   311 ||   703
  Dodge: Dodged            |    54 |    89 |    95 |   197 |   137 ||   572
  Block: Buckler           |    13 |    26 |    10 |       |       ||    49
         Tower shield      |       |       |   207 |   757 |   527 ||  1491
